 Dungeon Crawl Stone Soup version 0.25.0-9-g26727b657a (webtiles) character file.

Game seed: 951037839581954729

484 funkygono the Firebug (level 7, -6/38 HPs)
             Began as a Gargoyle Fire Elementalist on June 21, 2020.
             Killed by divine providence
             ... invoked by an orc priest
              (12 damage)
             ... on level 4 of the Dungeon.
             The game lasted 00:10:35 (4098 turns).

funkygono the Firebug (Gargoyle Fire Elementalist)  Turns: 4098, Time: 00:10:35

Health: -6/38      AC: 12    Str: 17    XL:     7   Next: 12%
Magic:  5/11       EV: 11    Int: 18    God:
Gold:   178        SH:  0    Dex: 10    Spells: 11/12 levels left

rFire    + . .     SeeInvis .   b - +3 club
rCold    x . .     Gourm    .   (no shield)
rNeg     + . .     Faith    .   i - +0 ring mail
rPois    ∞         Spirit   .   (no helmet)
rElec    +         Reflect  .   (no cloak)
rCorr    .         Harm     .   (no gloves)
MR       .....                  k - +1 pair of boots
Stlth    +.........             (no amulet)
HPRegen  0.12/turn              o - +6 ring of strength
MPRegen  0.12/turn              n - ring of fire

@: hasted, very quick
A: negative energy resistance 1, electricity resistance, unbreathing,
petrification resistance, rot immunity, AC +4
a: no special abilities


You were on level 4 of the Dungeon.
You were not hungry.

You visited 1 branch of the dungeon, and saw 4 of its levels.

You collected 178 gold pieces.

Inventory:

Hand Weapons
 b - a +3 club (weapon)
Missiles
 f - 59 stones (quivered)
Armour
 a - a +0 robe
 e - a +0 scale mail
 i - a +0 ring mail (worn)
 k - a +1 pair of boots (worn)
Jewellery
 j - an uncursed amulet of guardian spirit
 n - a ring of fire (right hand)
 o - a +6 ring of strength (left hand)
Wands
 d - a wand of iceblast (12)
Scrolls
 m - 2 scrolls of teleportation
 q - a scroll of identify
 r - a scroll of enchant weapon
 u - a scroll of remove curse {unknown}
Potions
 g - a potion of cancellation
 h - 2 potions of brilliance
 l - a potion of curing
 t - a potion of heal wounds {unknown}
Comestibles
 c - 11 rations


   Skills:
 + Level 1.0 Fighting
 + Level 2.0 Maces & Flails
 + Level 2.5 Armour
 + Level 2.5 Dodging
 + Level 2.3 Stealth
 + Level 3.2 Spellcasting
 + Level 3.4 Conjurations
 + Level 4.7 Fire Magic


You had 11 spell levels left.
You knew the following spells:

 Your Spells              Type           Power        Failure   Level  Hunger
a - Foxfire               Conj/Fire      ####         5%          1    None

Your spell library contained the following spells:

 Spells                   Type           Power        Failure   Level  Hunger
 Conjure Flame            Conj/Fire      ####....     16%         3    ###....
 Inner Flame              Hex/Fire       ###.....     32%         3    ###....
 Sticky Flame             Conj/Fire      ####....     47%         4    ####...
 Fireball                 Conj/Fire      ####......   83%         5    ######.


Dungeon Overview and Level Annotations

Branches:
Dungeon (4/15)
 Temple: D:4-7

Altars:
Kikubaaqudgha
Ru
Xom
The Shining One


Innate Abilities, Weirdness & Mutations

You are resistant to torment.
Your stone body is resilient. (AC +4)
You are immune to poison.
You resist negative energy. (rN+)
You are resistant to electric shocks. (rElec)
You can survive without breathing.
You are immune to petrification.
You are immune to rotting.


Message History

The magic dart hits you!
You miss something. Something hits you but does no damage.
You barely miss something. Something hits you but does no damage.
The orc wizard casts a spell.
The orc wizard seems to speed up.
You hear some strange, mumbled words.
A puff of flame appears from out of thin air!
The puff of flame misses you.
You closely miss something.
Something hits you but does no damage. x2
You hit something. Something hits you but does no damage.
The orc priest calls down the wrath of Beogh upon you.
Beogh smites you!
* * * LOW HITPOINT WARNING * * *
Something hits you but does no damage.
An orc comes into view. It is wielding a +0 dagger.
You hit something.
Something hits you but does no damage. x2
You feel yourself speed up. Something hits you but does no damage.
The orc priest mumbles some strange prayers to Beogh against you.
Beogh smites you!
You die...

###..<).....#.#.# #.#.##
###.#.#######.#.#.###.#.##
.........>)...........#.##
##########........#..#.#.#####.##
......#........#.###.#.#.# #.##
..<......o....§oo....#.#.. ..##
...o.........o§#o#####.#.## ####
.#..).....#{# #.### #
#........#@# #.# # #........#.#
#.# # ##..######.# # ##....# #.#
# #..#.###.#####.# #
##.#...........# ######
#.#####.###### #..... #.#####.##
###.#### #........# #<..#


You could see an orc priest, an orc wizard (fast) and an orc.

Vanquished Creatures
  An ogre (D:4)
  A scorpion (D:4)
  A centaur skeleton (D:4)
  A bullfrog skeleton (D:4)
  3 orc wizards
  Jessica (D:3)
  Ijyb (D:3)
  A worker ant (D:4)
  6 adders
  2 worms
  3 dart slugs
  4 leopard geckos
  4 orcs
  2 giant cockroaches
  9 goblins
  9 hobgoblins
  6 bats
  8 frilled lizards
  8 kobolds
  9 rats
80 creatures vanquished.

Vanquished Creatures (others)
  162 foxfires
162 creatures vanquished.

Grand Total: 242 creatures vanquished

Notes
Turn   | Place    | Note
-------+----------+-------------------------------------------
     0 | D:1      | funkygono the Gargoyle Fire Elementalist began the quest
                  | for the Orb.
     0 | D:1      | Reached XP level 1. HP: 10/10 MP: 3/3
   153 | D:1      | Reached XP level 2. HP: 14/15 MP: 0/5
   957 | D:1      | Reached XP level 3. HP: 19/19 MP: 4/6
  1994 | D:2      | Reached XP level 4. HP: 24/24 MP: 4/7
  2257 | D:3      | Noticed Jessica
  2273 | D:3      | Killed Jessica
  2416 | D:3      | Found a glowing golden altar of the Shining One.
  2446 | D:3      | Reached XP level 5. HP: 27/28 MP: 3/8
  2462 | D:3      | Reached skill level 4 in Fire Magic
  2656 | D:3      | Found a shimmering altar of Xom.
  2674 | D:3      | Reached skill level 1 in Armour
  2952 | D:3      | Noticed Ijyb
  3060 | D:3      | Killed Ijyb
  3284 | D:3      | Found a sacrificial altar of Ru.
  3284 | D:3      | Found an ancient bone altar of Kikubaaqudgha.
  3438 | D:3      | Reached skill level 1 in Maces & Flails
  3449 | D:3      | Reached XP level 6. HP: 30/33 MP: 3/10
  4076 | D:4      | Reached skill level 1 in Fighting
  4076 | D:4      | Reached XP level 7. HP: 35/38 MP: 7/11
  4098 | D:4      | Killed from afar by an orc priest

Illustrated notes

Levels and vault maps discovered:
D:1:      giann_bridges, layout_basic, hangedman_decor_slide_cut
D:2:      layout_loops_cross, first_ration
D:3:      layout_loops_ring, lemuel_crystal_altar, tso_metal_star,
          gammafunk_temple_overflow_elements, st_stairs_12, uniq_ijyb,
          uniq_jessica
D:4:      layout_basic, fedhas_ov_isle_minmay, gammafunk_ghost_smash,
          uniq_crazy_yiuf_cottage

Skill      XL: |  1  2  3  4  5  6 |
---------------+-------------------+-----
Conjurations   | 3 |  3.4
Fire Magic     | 4 |  4.7
Armour         | 1 2 |  2.5
Dodging        | 2 |  2.5
Maces & Flails | 1 2 |  2.0
Fighting       | 1 |  1.0
Spellcasting   | 3 |  3.2
Stealth        | |  2.3

Action                   |  1- 3 |  4- 6 |  7- 9 || total
-------------------------+-------+-------+-------++-------
Melee: Unarmed           |    18 |    16 |       ||    34
       Club              |    71 |   115 |     8 ||   194
 Cast: Foxfire           |    50 |    58 |     4 ||   112
  Use: Scroll            |       |     7 |       ||     7
       Potion            |       |     3 |     1 ||     4
  Eat: Chunk             |     4 |     4 |       ||     8
       Ration            |       |     1 |       ||     1
Armor: Robe              |     4 |       |       ||     4
       Scale mail        |    30 |       |       ||    30
       Ring mail         |    30 |    81 |    12 ||   123
Dodge: Dodged            |    63 |    80 |     2 ||   145
